AoeStats
← royethatboy

MegaRandom

507527229Analyzed
4v4 RM · 13d ago on Sep 18, 2026· 61m 9s· 8 players
Game mode
Random Map
Map size
Large (8 player)
Population
200
Speed
Normal
Resources
Standard
Victory
Conquest
Starting age
Dark Age
Ending age
Imperial Age
RankedLock teamsTeams togetherTeam positionsShared explorationLock speedFull tech treeHidden civsTurbo modeCheats
Victory
Defeat
🇸🇪 Goths · Sweden
995
+11
🇦🇹 Persians · Austria
937
+14
🇪🇸 Franks · Spain
933
+14
🇪🇸 Vikings · Spain
915
+14
🇵🇪 Franks · Peru
937
-16
🇨🇳 Burgundians · China
883
-13
🇮🇳 Huns · India
864
-12
🇯🇵 Spanish · Japan
864
-12
Kobe
13:58 Feudal Age
19:25 Castle Age
27:28 Imperial Age
25:14 Gold Mining
25:11 Double-Bit Axe
26:24 Wheelbarrow
26:05 Town Watch
27:06 Husbandry
29:42 Bow Saw
30:12 Gold Shaft Mining
29:36 Cavalier
31:02 Forging
30:58 Scale Barding Armor
31:53 Hand Cart
31:47 Town Patrol
32:53 Paladin
35:44 Stone Mining
37:23 Iron Casting
37:11 Chain Barding Armor
37:41 Ballistics
42:31 Blast Furnace
42:08 Plate Barding Armor
43:14 Town Patrol
42:59 Loom
45:25 Conscription
45:07 Chivalry
52:06 Chemistry
Mucklan
13:46 Feudal Age
14:49 Loom
18:43 Castle Age
17:11 Horse Collar
22:56 Stone Mining
25:11 Wheelbarrow
25:26 Forging
25:17 Scale Mail Armor
25:52 Town Watch
26:58 Gold Mining
28:05 Squires
31:23 Imperial Age
29:48 Pikeman
30:50 Heavy Plow
32:04 Perfusion
32:16 Halberdier
35:07 Conscription
37:27 Iron Casting
38:23 Chain Mail Armor
40:48 Hand Cart
40:36 Town Patrol
41:46 Blast Furnace
61:24 Murder Holes
Roxxy uG
8:55 Loom
11:26 Feudal Age
ElusiveDrake803
14:50 Feudal Age
18:59 Horse Collar
19:08 Double-Bit Axe
19:16 Fletching
19:26 Padded Archer Armor
23:29 Castle Age
21:31 Scale Mail Armor
21:37 Fishing Lines
24:26 Medium Warships
24:09 Gillnets
27:45 Pikeman
31:52 Squires
32:08 Bodkin Arrow
32:29 Leather Archer Armor
34:13 Ballistics
34:47 Gold Mining
34:48 Stone Mining
38:42 Imperial Age
37:11 Careening
37:14 Clinker Construction
37:18 Masonry
37:19 Man-at-Arms
37:46 Gambesons
38:18 Forging
38:24 Chain Mail Armor
39:05 Elite Longship
40:32 Bracer
41:03 Long Swordsman
43:41 Iron Casting
43:37 Plate Mail Armor
44:04 Conscription
44:28 Heavy Warships
45:35 Chemistry
45:06 Architecture
47:30 Blast Furnace
48:10 Heavy Plow
48:22 Bow Saw
48:45 Arrowslits
48:37 Two-Handed Swordsman
49:16 Elite Cannon Galleon
49:53 Champion
51:05 Chieftains
54:39 Scale Barding Armor
61:52 Gold Shaft Mining
長谷川1006
10:48 Loom
13:30 Feudal Age
14:01 Double-Bit Axe
13:58 Horse Collar
15:10 Fishing Lines
22:27 Castle Age
23:57 Gold Mining
23:59 Stone Mining
25:07 Gillnets
26:08 Stone Shaft Mining
25:45 Bow Saw
30:11 Scale Barding Armor
33:54 Imperial Age
33:26 Husbandry
33:57 Heavy Plow
34:01 Caravan
34:52 Bloodlines
36:31 Cavalier
38:55 Two-Man Saw
39:55 Chain Barding Armor
39:46 Forging
41:52 Plate Barding Armor
41:44 Herbal Medicine
42:47 Paladin
44:07 Pikeman
47:14 Iron Casting
46:49 Halberdier
47:30 Squires
49:14 Wheelbarrow
48:25 Town Watch
49:30 Gambesons
61:07 Supremacy
60:09 Elite Conquistador
61:25 Hoardings
royethatboy
1:04 Loom
11:58 Feudal Age
12:34 Horse Collar
14:31 Town Watch
15:13 Double-Bit Axe
23:45 Castle Age
23:05 Fletching
23:43 Fishing Lines
25:14 Bodkin Arrow
25:20 Padded Archer Armor
26:46 Devotion
27:26 Medium Warships
29:25 Husbandry
29:38 Bloodlines
30:35 Leather Archer Armor
32:09 Wheelbarrow
31:53 Gold Mining
31:31 Pikeman
32:59 Ballistics
32:10 Light Cavalry
34:40 Scale Barding Armor
34:57 Masonry
35:46 Chain Barding Armor
36:33 Heavy Plow
37:50 Thumb Ring
40:22 Imperial Age
40:19 Forging
40:20 Marauders
41:34 Parthian Tactics
41:41 Bracer
42:46 Chemistry
45:46 Heavy Cavalry Archer
48:39 Scale Mail Armor
48:50 Murder Holes
49:08 Halberdier
49:49 Squires
52:31 Conscription
56:35 Chain Mail Armor
56:57 Iron Casting
Juminican
5:09 Loom
14:11 Feudal Age
17:24 Double-Bit Axe
20:19 Castle Age
18:56 Gold Mining
20:04 Stone Mining
21:23 Bow Saw
21:46 Husbandry
22:52 Scale Barding Armor
22:58 Forging
22:42 Fletching
23:41 Arson
25:25 Wheelbarrow
24:51 Town Watch
26:58 Gold Shaft Mining
28:47 Town Patrol
29:12 Chain Barding Armor
29:28 Iron Casting
30:56 Hand Cart
34:44 Imperial Age
33:12 Scale Mail Armor
33:08 Bodkin Arrow
36:02 Plate Barding Armor
36:28 Blast Furnace
34:52 Cavalier
36:19 Paladin
37:02 Chivalry
37:23 Conscription
39:52 Chemistry
39:12 Ballistics
39:43 Padded Archer Armor
39:59 Chain Mail Armor
46:01 Leather Archer Armor
46:17 Plate Mail Armor
46:39 Pikeman
47:19 Squires
LV小吕
6:49 Wheelbarrow
14:09 Feudal Age
12:28 Double-Bit Axe
16:03 Horse Collar
17:54 Hand Cart
20:36 Bow Saw
23:50 Castle Age
21:59 Heavy Plow
28:25 Crop Rotation
28:59 Two-Man Saw
27:52 Gold Mining
27:55 Stone Mining
30:29 Gold Shaft Mining
32:02 Stone Shaft Mining
31:57 Medium Warships
33:22 Treadmill Crane
34:03 Ballistics
Connection lost

Rejoining the realm…

Still unreachable

The connection could not be restored.

Session expired

The server has moved on; the page needs a fresh start.